 Dungeon Crawl Stone Soup version 0.23.2-1-ga50397a (webtiles) character file.

Game seed: 8812173510498822270

2595 funkygono the Conjurer (level 9, -1/67 HPs)
             Began as a Demigod Conjurer on May 26, 2019.
             Shot with a sling bullet by Joseph (16 damage)
             ... on level 8 of the Dungeon.
             The game lasted 00:26:52 (7992 turns).

funkygono the Conjurer (Demigod Conjurer)           Turns: 7992, Time: 00:26:53

Health: -1/67      AC:  9    Str: 13    XL:     9   Next: 11%
Magic:  12/21      EV: 13    Int: 23    God:
Gold:   386        SH:  0    Dex: 18    Spells: 13/19 levels left

rFire    . . .     SeeInvis .   b - +2 flail (protect)
rCold    . . .     Gourm    .   (no shield)
rNeg     . . .     Faith    .   h - +0 leather armour
rPois    .         Spirit   .   (no helmet)
rElec    .         Reflect  .   i - +1 cloak
rCorr    .         Harm     .   j - +1 pair of gloves
MR       .....                  m - +0 pair of boots
Stlth    +.........             (no amulet)
HPRegen  0.21/turn              f - ring of attention (curse)
MPRegen  0.17/turn              y - +2 ring of dexterity

@: no status effects
A: high mp 1
a: no special abilities


You were on level 8 of the Dungeon.
You were hungry.

You visited 2 branches of the dungeon, and saw 9 of its levels.

You collected 386 gold pieces.

Inventory:

Hand Weapons
 b - a +2 flail of protection (weapon)
 e - a +0 dagger
 r - a +4 shortbow
 C - a +2 flail of crushing
Missiles
 d - 219 stones (quivered)
 g - 89 arrows
Armour
 a - a +0 robe
 h - a +0 leather armour (worn)
 i - a +1 cloak (worn)
 j - a +1 pair of gloves (worn)
 k - a +0 shield
 m - a +0 pair of boots (worn)
Jewellery
 f - a cursed ring of attention (left hand)
 n - an uncursed amulet of harm {unknown}
 o - an uncursed ring of protection from fire
 y - a +2 ring of dexterity (right hand)
Wands
 q - a wand of flame (17)
 z - a wand of digging (7)
Scrolls
 l - 2 scrolls of teleportation
 s - a scroll of magic mapping
 v - a scroll of identify
 x - a scroll of fear
Potions
 p - 2 potions of lignification
 t - 3 potions of curing
 u - a potion of cancellation
 w - 2 potions of resistance
 A - a potion of haste
Comestibles
 c - 25 rations


   Skills:
 + Level 1.7 Fighting
 + Level 2.6 Maces & Flails
 * Level 3.8 Armour
 + Level 3.0 Dodging
 + Level 2.1 Stealth
 * Level 3.7 Shields
 * Level 5.9 Spellcasting
 * Level 7.5 Conjurations
 + Level 0.3 Hexes


You had 13 spell levels left.
You knew the following spells:

 Your Spells              Type           Power        Failure   Level  Hunger
a - Magic Dart            Conj           ####         1%          1    None
b - Searing Ray           Conj           #####.       1%          2    None
c - Dazzling Spray        Conj/Hex       ###...       6%          3    #......

Your spell library contained the following spells:

 Spells                   Type           Power        Failure   Level  Hunger
 Iskenderun's Mystic Bla  Conj           #####...     4%          4    ###....
 Conjure Flame            Conj/Fire      ###.....     7%          3    #......
 Corona                   Hex            #......      9%          1    None
 Mephitic Cloud           Conj/Pois/Air  ###.....     12%         3    #......
 Ensorcelled Hibernation  Hex/Ice        #.....       14%         2    None
 Slow                     Hex            #.......     14%         2    None
 Blink                    Tloc           N/A          16%         2    None
 Call Imp                 Summ           #.......     16%         2    None
 Fulminant Prism          Conj/Hex       ###.......   21%         4    ###....
 Force Lance              Conj/Tloc      ###.....     22%         4    ###....
 Confuse                  Hex            #.......     26%         3    #......
 Tukima's Dance           Hex            #.......     26%         3    #......


Dungeon Overview and Level Annotations

Branches:
Dungeon (8/15)             Temple (1/1) D:4
   Lair: D:8-11

Annotations:
D:6 3 runed translucent doors, PeterLawrence's ghost, novice MiFi
D:8 Joseph


Innate Abilities, Weirdness & Mutations

You have an increased reservoir of magic. (+10% MP)


Message History

Your +2 ring of dexterity melds into your body.
Your +2 flail of protection goes still.
You feel clumsy.
The now-empty wand crumbles to dust.
You feel better.
Joseph shoots a sling bullet.
The sling bullet misses you.
Joseph shoots a sling bullet.
The sling bullet closely misses you.
Your magical effects are unravelling.
You feel magically purged.
Your transformation has ended.
Your +2 flail of protection unmelds from your body.
Your +1 cloak unmelds from your body.
Your +1 pair of gloves unmelds from your body.
Your +0 pair of boots unmelds from your body.
Your +0 leather armour unmelds from your body.
Your cursed ring of attention unmelds from your body.
Your +2 ring of dexterity unmelds from your body.
Your +2 flail of protection hums with potential!
You feel agile.
Joseph shoots a sling bullet.
The sling bullet hits you!
You die...

###+####+##
#.........#
#(...@.@..#
#..((.....#
#######
###'###...#
......
######.#####+#
.....#
#............#
.....#
#............#
.....#
#............#
.....#
#............#
.....+
#.....)......#


You could see Joseph.

Vanquished Creatures
  A troll (D:7)
  Eustachio (D:5)
  Menkaure (D:5)
  A sky beast (D:5)
  An orc warrior (D:7)
  5 ogres
  A centaur (D:4)
  2 bullfrogs
  2 scorpions (D:5)
  5 wights (D:7)
  4 howler monkeys
  2 crimson imps
  A centaur skeleton (D:7)
  2 hounds
  2 jellies (D:5)
  A bullfrog skeleton (D:6)
  3 orc priests (D:7)
  4 iguanas
  An orc wizard (D:2)
  8 worker ants
  A worker ant zombie (D:5)
  3 adders
  2 oozes (D:3)
  2 adder skeletons
  3 worms
  3 leopard geckos
  17 orcs
  2 ball pythons (D:3)
  2 giant cockroaches (D:3)
  12 goblins
  6 hobgoblins
  4 jackals
  5 kobolds
  3 quokkas
  7 bats
  9 frilled lizards
  A giant cockroach zombie (D:6)
  2 quokka zombies
  2 rats
134 creatures vanquished.

Vanquished Creatures (others)
  An orc wizard (D:2)
1 creature vanquished.

Grand Total: 135 creatures vanquished

Notes
Turn   | Place    | Note
-------+----------+-------------------------------------------
     0 | D:1      | funkygono the Demigod Conjurer began the quest for the Orb.
     0 | D:1      | Reached XP level 1. HP: 14/14 MP: 5/5
   296 | D:1      | Reached skill level 4 in Conjurations
   340 | D:1      | Reached XP level 2. HP: 20/20 MP: 5/7
   350 | D:1      | Learned a level 2 spell: Searing Ray
  1045 | D:2      | Reached XP level 3. HP: 11/26 MP: 1/8
  1906 | D:3      | Learned a level 3 spell: Dazzling Spray
  2264 | D:2      | Reached skill level 1 in Shields
  2264 | D:2      | Reached XP level 4. HP: 13/33 MP: 0/10
  2365 | D:3      | Found a blossoming altar of Fedhas.
  2367 | D:3      | Found an ancient bone altar of Kikubaaqudgha.
  2808 | D:3      | Reached skill level 1 in Armour
  3092 | D:4      | Reached XP level 5. HP: 38/38 MP: 5/11
  3627 | D:4      | Noticed an ogre
  3633 | D:4      | Killed an ogre
  3633 | D:4      | Reached skill level 5 in Conjurations
  3633 | D:4      | Reached XP level 6. HP: 45/45 MP: 5/13
  3770 | D:4      | Found a staircase to the Ecumenical Temple.
  3924 | D:4      | Found a basalt altar of Yredelemnul.
  3924 | D:4      | Found a glowing silver altar of Zin.
  3931 | D:4      | Found a faded altar of an unknown god.
  3933 | D:4      | Found an iron altar of Okawaru.
  3935 | D:4      | Found a faded altar of an unknown god.
  4253 | Temple   | Entered the Ecumenical Temple
  4538 | D:5      | Entered Level 5 of the Dungeon
  4546 | D:4      | Reached skill level 1 in Maces & Flails
  4895 | D:5      | Reached XP level 7. HP: 50/51 MP: 6/15
  5305 | D:5      | Noticed Eustachio
  5312 | D:5      | Killed Eustachio
  5312 | D:5      | Reached skill level 1 in Fighting
  5577 | D:5      | Reached XP level 8. HP: 59/60 MP: 7/17
  5673 | D:5      | Noticed Menkaure
  5682 | D:5      | Killed Menkaure
  5682 | D:5      | Reached skill level 6 in Conjurations
  6032 | D:6      | Found a runed translucent gate.
  6032 | D:6      | Found a runed translucent gate.
  6316 | D:6      | Found a runed translucent gate.
  6319 | D:6      | Noticed PeterLawrence's ghost (novice MiFi)
  6846 | D:7      | Reached skill level 5 in Spellcasting
  6944 | D:7      | Reached skill level 7 in Conjurations
  7493 | D:7      | Reached XP level 9. HP: 67/67 MP: 14/21
  7980 | D:8      | Noticed Joseph
  7992 | D:8      | Shot with a sling bullet by Joseph

Skill      XL: |  1  2  3  4  5  6  7  8 |
---------------+-------------------------+-----
Conjurations   | 4 5 7 |  7.5
Spellcasting   | 2 3 4 5 |  5.9
Shields        | 1 2 3 |  3.7
Dodging        | 2 3 |  3.0
Armour         | 1 2 3 |  3.8
Maces & Flails | 1 2 |  2.6
Stealth        | 2 |  2.1
Fighting       | 1 |  1.7
Hexes          | |  0.3

Action                   |  1- 3 |  4- 6 |  7- 9 || total
-------------------------+-------+-------+-------++-------
Melee: Dagger            |    17 |     4 |       ||    21
       Flail             |       |    16 |    13 ||    29
 Cast: Magic Dart        |    68 |    68 |   121 ||   257
       Searing Ray       |     8 |     9 |    33 ||    50
       Dazzling Spray    |     1 |     8 |     7 ||    16
  Use: Scroll            |     5 |     2 |    10 ||    17
       Potion            |     1 |     1 |     2 ||     4
  Eat: Chunk             |     4 |     7 |     9 ||    20
       Ration            |     1 |       |       ||     1
Armor: Robe              |     3 |       |       ||     3
       Leather armour    |    21 |    15 |    26 ||    62
Dodge: Dodged            |    35 |    63 |    58 ||   156
